 Dungeon Crawl Stone Soup version 0.26-a0-651-gb41185065b (console) character file.

Game seed: 17417942985260840271

4887 nht the Slicer (level 10, -7/76 HPs)
             Began as a Merfolk Brigand on Oct 12, 2020.
             Was an Initiate of Nemelex Xobeh.
             Killed from afar by an electric eel (10 damage)
             ... with a bolt of electricity
             ... on level 8 of the Dungeon.
             The game lasted 00:19:56 (7741 turns).

nht the Slicer (Merfolk Brigand)                    Turns: 7741, Time: 00:19:57

Health: -7/76      AC:  6    Str: 16    XL:     10   Next: 50%
Magic:  11/11      EV: 18    Int: 10    God:    Nemelex Xobeh [......]
Gold:   383        SH:  0    Dex: 21    Spells: 9/9 levels left

rFire    . . .     SeeInvis .   b - +2 dagger (elec)
rCold    . . .     Faith    .   (no shield)
rNeg     . . .     Spirit   .   h - +0 leather armour
rPois    +         Reflect  .   (no helmet)
rElec    .         Harm     .   m - +1 cloak
rCorr    .         Rampage  .   s - +0 pair of gloves
MR       .....                  (no boots)
Stlth    ++++......             x - amulet of magic regeneration
HPRegen  0.22/turn              p - +6 ring of dexterity
MPRegen  0.37/turn              q - ring of poison resistance

@: mighty
A: change form in water, swift swim, stealthy swim
a: Draw Escape, Draw Destruction, Draw Summoning, Renounce Religion


You were on level 8 of the Dungeon.
You worshipped Nemelex Xobeh.
Nemelex Xobeh was noncommittal.
You visited 2 branches of the dungeon, and saw 9 of its levels.
You also visited: Ossuary.

You collected 383 gold pieces.

Inventory:

Hand Weapons
 a - a +3 dagger
 b - a +2 dagger of electrocution (weapon)
 t - the +9 staff of Olgreb {rPois∞}
   (You found it on level 7 of the Dungeon)

   It grants immunity to poison.
 B - a +0 trident
Missiles
 d - 56 poisoned darts
 e - 6 curare-tipped darts (quivered)
 l - 4 boomerangs
 y - 6 atropa-tipped darts
Armour
 c - a +0 cloak
 h - a +0 leather armour (worn)
 m - a +1 cloak (worn)
 s - a +0 pair of gloves (worn)
Jewellery
 g - an uncursed ring of resist corrosion {unknown}
 p - a +6 ring of dexterity (left hand)
 q - a ring of poison resistance (right hand)
 v - an uncursed amulet of faith {unknown}
 x - an amulet of magic regeneration (around neck)
Scrolls
 j - 2 scrolls of enchant weapon
 n - 3 scrolls of teleportation
 o - a scroll of amnesia
 w - a scroll of fear
 z - a scroll of enchant armour
Potions
 f - 2 potions of mutation
 i - 4 potions of flight
 k - 6 potions of curing
 r - 2 potions of heal wounds
 u - 3 potions of haste


   Skills:
 - Level 6.0 Fighting
 - Level 10.0 Short Blades
 + Level 2.0 Polearms
 + Level 8.3 Throwing
 + Level 7.6 Dodging
 - Level 8.0 Stealth
 + Level 2.4 Invocations


You had 9 spell levels left.
You didn't know any spells.
Your spell library contained the following spells:

 Spells                   Type           Power        Failure   Level
 Animate Skeleton         Necr           #.....       43%         1
 Magic Dart               Conj           #...         43%         1
 Pain                     Necr           #...         43%         1
 Blink                    Tloc           N/A          56%         2
 Call Imp                 Summ           #.......     56%         2
 Slow                     Hex            #.......     56%         2
 Conjure Flame            Conj/Fire      #.......     80%         3
 Mephitic Cloud           Conj/Pois/Air  #.......     80%         3
 Vampiric Draining        Necr           #.........   80%         3
 Animate Dead             Necr           #.........   99%         4
 Agony                    Necr           #.......     100%        5


Dungeon Overview and Level Annotations

Branches:
Dungeon (8/15)             Temple (1/1) D:6         Ossuary (visited)
   Lair: D:8-11

Altars:
Ashenzari
Cheibriados
Dithmenos
Elyvilon
Fedhas
Gozag
Hepliaklqana
Kikubaaqudgha
Makhleb
Nemelex Xobeh
Okawaru
Qazlal
Ru
Sif Muna
Trog
Uskayaw
Vehumet
Wu Jian
Xom
Yredelemnul
Zin
The Shining One

Annotations:
D:7 1 runed translucent door


Message History

The electric eel shoots out a bolt of lightning at you!
The bolt of electricity hits you! The orc hits you with a +0 mace.
The electric eel shoots out a bolt of lightning at you!
The bolt of electricity hits you!
* * * LOW HITPOINT WARNING * * *
Found a robe.
You barely miss the electric eel.
The electric eel shoots out a bolt of lightning at you!
The bolt of electricity hits you!
* * * LOW HITPOINT WARNING * * *
You hit the electric eel.
The electric eel is lightly wounded.
The orc hits you with a +0 mace.
* * * LOW HITPOINT WARNING * * *
You puncture the electric eel!
The electric eel is almost dead.
The electric eel shoots out a bolt of lightning at you!
The bolt of electricity hits you!
You die...
Your body disappears without a glow.

**,* *,≈█████≈.█ ███████*,,* *,*
*.≈≈≈≈≈≈≈.█ █..$..█**,* *,*
*.........█████.....█ *,, *,*
*█........?..██.....█ **, *,*
█...........██.....█ *, **,*
█.....≈≈....██.....█ **
,*,******█....≈......██.....█████
,*,,,,,,,+...(≈;o....''.......>..
,*,******█......@.)).██......████
**,* █.........))██......█ **,*
█...........██......████ **,*
█.....≈≈....██..........
**+******█.....≈≈≈...██.....████.
,,,,,,,,,......≈≈≈...██.....█ *,
,,,≈≈≈≈,,............██.....████,
,,≈≈≈≈≈,,.[████████████..(..)))█,
,,≈≈≈≈≈≈≈,,* ██████)█.█,


You could see an electric eel and an orc.

Vanquished Creatures
  Sigmund (D:3)
  A wraith (Ossuary)
  6 soldier ants (D:7)
  5 water moccasins
  Duvessa (D:4)
  5 orc warriors
  4 centaurs
  3 big kobolds
  A bullfrog (D:6)
  Dowan (D:4)
  2 scorpions
  12 killer bees (D:7)
  6 wights
  2 howler monkeys (D:7)
  A centaur zombie (D:8)
  A bullfrog zombie (D:5)
  3 hounds
  A quasit (D:7)
  A gnoll shaman (D:6)
  8 orc priests
  A centaur skeleton (D:8)
  4 orc wizards
  Jessica (D:2)
  A bullfrog skeleton (D:7)
  3 iguanas
  7 worker ants
  2 mummies
  A howler monkey skeleton (D:4)
  5 gnolls (D:6)
  10 adders
  2 shadow imps (D:6)
  A white imp (D:5)
  An ooze (D:3)
  2 ufetubi
  An adder zombie (D:7)
  An adder skeleton (D:3)
  3 dart slugs
  7 leopard geckos
  26 orcs
  7 bats
  8 giant cockroaches
  7 goblins
  9 hobgoblins
  5 jackals
  28 kobolds
  2 quokkas
  3 ball pythons
  9 frilled lizards
  4 gnoll skeletons (Ossuary)
  A jackal skeleton (D:4)
  A jackal zombie (D:7)
  4 kobold skeletons (Ossuary)
  2 kobold zombies (D:4)
  17 orc skeletons (Ossuary)
  A quokka skeleton (D:6)
  3 rats
255 creatures vanquished.

Vanquished Creatures (others)
  3 orcs (D:8)
3 creatures vanquished.

Grand Total: 258 creatures vanquished

Notes
Turn   | Place    | Note
-------+----------+-------------------------------------------
     0 | D:1      | nht the Merfolk Brigand began the quest for the Orb.
     0 | D:1      | Reached XP level 1. HP: 16/16 MP: 1/1
   102 | D:1      | Reached skill level 3 in Short Blades
   105 | D:1      | Reached XP level 2. HP: 22/22 MP: 2/2
   398 | D:1      | Reached skill level 4 in Short Blades
   456 | D:1      | Reached XP level 3. HP: 27/27 MP: 3/3
  1025 | D:2      | Noticed Jessica
  1034 | D:2      | Killed Jessica
  1034 | D:2      | Reached skill level 5 in Short Blades
  1034 | D:2      | Reached XP level 4. HP: 28/33 MP: 4/4
  1374 | D:2      | Found a stormy altar of Qazlal.
  1630 | D:3      | Noticed Sigmund
  1643 | D:3      | Killed Sigmund
  1643 | D:3      | Reached skill level 7 in Short Blades
  1643 | D:3      | Reached XP level 5. HP: 33/38 MP: 5/5
  1643 | D:3      | Reached XP level 6. HP: 38/44 MP: 6/6
  2273 | D:3      | Found a broken altar of Ashenzari.
  2350 | D:3      | Reached skill level 8 in Short Blades
  2760 | D:3      | Found a bloodstained altar of Trog.
  2760 | D:3      | Found a glowing silver altar of Zin.
  2761 | D:3      | Found an ornate altar of the Wu Jian Council.
  2913 | D:4      | Noticed a water moccasin
  2945 | D:4      | Found a sand-covered staircase.
  2965 | Ossuary  | Entered an ossuary
  2965 | Ossuary  | Noticed a wraith
  2965 | Ossuary  | Noticed a wraith
  2965 | Ossuary  | Noticed a wraith
  3300 | Ossuary  | Noticed a wraith
  3308 | Ossuary  | Killed a wraith
  3308 | Ossuary  | Reached skill level 9 in Short Blades
  3308 | Ossuary  | Reached XP level 7. HP: 50/50 MP: 7/7
  3704 | D:4      | Reached skill level 10 in Short Blades
  3995 | D:4      | Noticed Dowan
  3998 | D:4      | Noticed Duvessa
  4021 | D:4      | Killed Dowan
  4027 | D:4      | Killed Duvessa
  4027 | D:4      | Reached XP level 8. HP: 29/57 MP: 8/8
  4185 | D:4      | Found a shadowy altar of Dithmenos.
  4290 | D:4      | Reached skill level 5 in Stealth
  4544 | D:5      | Entered Level 5 of the Dungeon
  5380 | D:6      | Reached skill level 5 in Throwing
  5391 | D:6      | Reached XP level 9. HP: 64/65 MP: 9/9
  5573 | D:6      | Reached skill level 5 in Dodging
  5724 | D:6      | Found a broken altar of Ashenzari.
  5726 | D:6      | Found a shimmering altar of Xom.
  5726 | D:6      | Found a glowing golden altar of the Shining One.
  5728 | D:6      | Found a glowing golden altar of the Shining One.
  5728 | D:6      | Found a radiant altar of Vehumet.
  5728 | D:6      | Found a shimmering altar of Xom.
  5989 | D:6      | Found a staircase to the Ecumenical Temple.
  5998 | Temple   | Entered the Ecumenical Temple
  6169 | Temple   | Became a worshipper of Nemelex Xobeh the Trickster
  6249 | D:7      | Reached skill level 5 in Fighting
  6504 | D:7      | Found a runed translucent gate.
  6511 | D:7      | Found a runed translucent door.
  6521 | D:7      | Found the +9 staff of Olgreb {rPois∞}
  6524 | D:7      | Found a runed translucent door.
  6545 | D:7      | Found a runed translucent gate.
  6545 | D:7      | Found a runed translucent gate.
  6603 | D:7      | Reached XP level 10. HP: 31/76 MP: 10/10
  7074 | D:7      | Reached skill level 1 in Invocations
  7694 | D:8      | Reached skill level 1 in Polearms
  7740 | D:8      | HP: 3/76 [orc/+0 mace (4)]
  7741 | D:8      | Killed from afar by an electric eel

Illustrated notes

Levels and vault maps discovered:
D:1:      erik_arrival_blinker_ship, layout_basic, minmay_pentomino_v2
D:2:      layout_loops_ring, minmay_misc_feat_chi,
          nicolae_qazlal_general_emergency, uniq_jessica
D:3:      layout_loops_ring, nicolae_ashenzari_panopticon,
          gammafunk_temple_overflow_forgotten, minivault_14,
          grunt_decor_resistance, uniq_sigmund
D:4:      layout_basic, nicolae_dithmenos_through_a_glass_darkly,
          nicolae_ossuary_entry_giza, uniq_duvessa
D:5:      layout_loops_ring
D:6:      layout_rooms, doesnt_xom_only_xom, temple_hall
D:7:      layout_loops_cross, minmay_guarded_unrand_staff_of_olgreb
D:8:      layout_basic, enter_bailey_3
Temple:   eino_temple_rhombus

Skill      XL: |  1  2  3  4  5  6  7  8  9 10 |
---------------+-------------------------------+-----
Short Blades   | 3 4 5 7 9 10 | 10.0
Dodging        | 2 4 6 7 |  7.6
Throwing       | 5 7 8 |  8.3
Fighting       | 4 5 6 |  6.0
Stealth        | 6 7 8 |  8.0
Invocations    | 2 |  2.4
Polearms       | 2 |  2.0

Action                   |  1- 3 |  4- 6 |  7- 9 | 10-12 || total
-------------------------+-------+-------+-------+-------++-------
Melee: Dagger            |   121 |   244 |   359 |   134 ||   858
       Staff             |       |       |       |     3 ||     3
Throw: Dart              |     1 |     8 |     7 |       ||    16
Evoke: Wand              |       |    10 |    20 |    13 ||    43
       Staff of Olgreb   |       |       |       |     1 ||     1
  Use: Scroll            |       |    11 |     7 |     1 ||    19
       Potion            |       |       |     2 |     2 ||     4
 Stab: Sleeping          |     8 |     6 |    10 |     5 ||    29
       Paralysed         |       |       |     1 |       ||     1
       Invisible         |       |       |     6 |       ||     6
       Distracted        |       |       |     1 |       ||     1
Armor: Robe              |    11 |       |       |       ||    11
       Leather armour    |    18 |    52 |    45 |    17 ||   132
       Skin              |       |       |       |    20 ||    20
Dodge: Dodged            |    71 |    97 |   164 |    74 ||   406

Table legend: (Time is in decaauts)
 A = Elapsed time spent in this place.
 B = Non-inter-level travel time spent in this place.
 C = Inter-level travel time spent in this place.
 D = Time resting spent in this place.
 E = Time spent auto-exploring this place.
 F = Levels seen in this place.
 G = Mean time per level.
                   A        B        C        D        E       F      G
               +--------+--------+--------+--------+--------+-----+--------+
         Total |   7373 |   7044 |    329 |    178 |   5358 |  10 |  737.3 |
       Dungeon |   6620 |   6310 |    310 |     14 |   4933 |   8 |  827.5 |
        Temple |    177 |    158 |     19 |      0 |    156 |   1 |  177.0 |
       Ossuary |    574 |    574 |      0 |    164 |    269 |   1 |  574.0 |
               +--------+--------+--------+--------+--------+-----+--------+

Top non-repeatable levels by time:
     D:3: 1207 daAuts
     D:7: 1128 daAuts
     D:4: 1009 daAuts
     D:2: 857 daAuts
     D:6: 793 daAuts
     D:1: 729 daAuts
     D:5: 697 daAuts
 Ossuary: 574 daAuts
     D:8: 198 daAuts
  Temple: 177 daAuts
